 Dungeon Crawl Stone Soup version 0.30-a0-1075-gcd70e7a56d (webtiles) character file.

Game seed: 7730012296250321781

43 Lobster4 the Magician (level 3, -1/26 HPs)
             Began as a Djinni Fire Elementalist on Apr 15, 2023.
             Slain by a gnoll
             ... wielding a +0 spear
              (3 damage)
             ... on level 2 of the Dungeon.
             The game lasted 00:02:55 (1249 turns).

Lobster4 the Magician (Djinni Fire Elementalist)    Turns: 1249, Time: 00:02:55

Health: -1/26      AC:  2    Str:  7    XL:     3   Next: 82%
Gold:   29         EV: 12    Int: 18    God:
                   SH:  5    Dex: 13

rFire   + + .      SeeInvis .    j - staff of conjuration
rCold   x . .      Faith    .    (no shield)
rNeg    . . .      Spirit   .    h - +0 robe
rPois   ∞          Reflect  +    (no helmet)
rElec   .          Rampage  .    (no cloak)
rCorr   .                        (no gloves)
Will    .....                    (boots unavailable)
Stlth   ++                       c - amulet of reflection
HPRegen 0.24/turn                (no ring)
MPRegen 0.00/turn                (no ring)

@: flying, very slightly contaminated, invisible
A: sickness immunity, fire resistance 2, cold vulnerability 1, float, innate
caster, HP casting, extra vitality 1
a: no special abilities


You were on level 2 of the Dungeon.
You visited 1 branch of the dungeon, and saw 2 of its levels.

You collected 29 gold pieces.

Inventory:

Hand Weapons
 a - a +0 short sword
 d - a +0 mace
 g - a +0 dagger
Missiles
 i - 6 boomerangs
Armour
 b - a +0 leather armour
 h - a +0 robe (worn)
Magical Staves
 j - a staff of conjuration (weapon)
Jewellery
 c - an amulet of reflection (around neck)
Scrolls
 f - 2 scrolls of identify {unknown}
Potions
 e - a potion of invisibility


   Skills:
 + Level 0.8 Fighting
 + Level 0.5 Short Blades
 + Level 0.5 Staves
 + Level 0.3 Throwing
 + Level 0.7 Armour
 + Level 2.6 Dodging
 + Level 1.8 Stealth
 + Level 2.6 Spellcasting
 + Level 0.3 Evocations


You knew the following spells:

 Your Spells              Type           Power      Damage    Failure   Level
a - Foxfire               Conj/Fire      68%        2x1d7     6%          1
b - Scorch                Fire           22%        2d5       9%          2
c - Volatile Blastmotes   Fire/Tloc      22%        2d11      17%         3
d - Inner Flame           Hex/Fire       11%        N/A       17%         3
e - Flame Wave            Conj/Fire      17%        2d7       50%         4
f - Sandblast             Erth           22%        2d7       6%          1
Your spell library was empty.

Dungeon Overview and Level Annotations

Branches:
Dungeon (2/15)

Altars:


Innate Abilities, Weirdness & Mutations

You are immune to sickness and miasma.
You are immune to poison.
Your flesh is very heat resistant. (rF++)
You are vulnerable to cold. (rC-)
You float through the air rather than walking.
You learn spells naturally, not from books.
Your magical power is your life essence.
You have superior vitality. (+4 MHP)


Message History

Flames lash the gnoll.
The gnoll is burned terribly!
The gnoll is almost dead.
A gnoll comes into view. It is wielding a +0 whip.
Unknown command.
Casting: Scorch (safe; 9% risk of failure)
Confirm with . or Enter, or press ? or * to list all spells.
Flames lash the gnoll.
The gnoll is moderately wounded.
The gnoll's fire resistance burns away.
The gnoll barely misses you.
Unknown command.
The gnoll attacks as you move away! The gnoll hits you with a +0 club.
The gnoll attacks as you move away! The gnoll barely misses you.
Casting: Scorch (safe; 9% risk of failure)
Confirm with . or Enter, or press ? or * to list all spells.
Flames lash the gnoll.
The gnoll is burned terribly!
You kill the gnoll!
The gnoll is no longer more vulnerable to fire.
Unknown command.
Casting: Scorch (safe; 9% risk of failure)
Confirm with . or Enter, or press ? or * to list all spells.
Flames lash the gnoll.
The gnoll is almost dead.
The gnoll's fire resistance burns away.
The gnoll closely misses you.
Unknown command.
Casting: Scorch (safe; 9% risk of failure)
Confirm with . or Enter, or press ? or * to list all spells.
You miscast Scorch.
You are very lightly contaminated with residual magic.
Nothing appears to happen.
The gnoll hits you from afar with a +0 spear.
The gnoll hits you with a +0 flail!
* * * LOW HITPOINT WARNING * * *
Casting: Scorch (safe; 9% risk of failure)
Confirm with . or Enter, or press ? or * to list all spells.
You don't have enough health to cast this spell.
Unknown command.
It was a potion of invisibility.
You fade into invisibility!
The gnoll hits you from afar with a +0 spear.
You die...

.g########
....g....#
########.# #g# #)#
#.# #g# #g# #@#
#.# ###### #.#
.....# #.# .....#
#.#
.....###########.#
...<..........##.#
.....########.##.#
###### #.##.#


You could see 3 gnolls.

Vanquished Creatures
  An adder (D:2)
  A gnoll (D:2)
  A dart slug (D:1)
  2 bats (D:1)
  An endoplasm (D:1)
  A giant cockroach (D:1)
  2 goblins (D:1)
  4 hobgoblins (D:1)
  A kobold (D:1)
  2 quokkas (D:1)
  A ball python (D:1)
  2 frilled lizards (D:1)
  2 rats (D:1)
21 creatures vanquished.

Vanquished Creatures (others)
  72 foxfires
72 creatures vanquished.

Grand Total: 93 creatures vanquished

Notes
Turn   | Place    | Note
-------+----------+-------------------------------------------
     0 | D:1      | Lobster4 the Djinni Fire Elementalist began the quest for
                  | the Orb.
     0 | D:1      | Lobster4 set off with the following spells memorised:
                  | Foxfire, Scorch, Volatile Blastmotes, Inner Flame, Flame
                  | Wave.
     0 | D:1      | Reached XP level 1. HP: 15/15 MP: 0/0
   382 | D:1      | Reached XP level 2. HP: 19/21 MP: 0/0
   782 | D:1      | Reached XP level 3. HP: 22/26 MP: 0/0
   782 | D:1      | Learned a level 1 spell: Sandblast
  1249 | D:2      | Slain by a gnoll

Illustrated notes

Levels and vault maps discovered:
D:1:      onia_arrival_mini_spirals, layout_loops_corners
D:2:      layout_basic, serial_shops, shop, basic_altar,
          nicolae_ecumenical_snake_handling

Action                     || total
---------------------------++-------
   Cast: Foxfire           ||    46
         Scorch            ||    13
    Use: Potion            ||     1
 Armour: Robe              ||     1
  Dodge: Dodged            ||     7

Table legend: (Time is in decaauts)
 A = Elapsed time spent in this place.
 B = Non-inter-level travel time spent in this place.
 C = Inter-level travel time spent in this place.
 D = Time resting spent in this place.
 E = Time spent auto-exploring this place.
 F = Levels seen in this place.
 G = Mean time per level.
                   A        B        C        D        E       F      G
               +--------+--------+--------+--------+--------+-----+--------+
         Total |   1247 |   1208 |     39 |      0 |   1057 |   2 |  623.5 |
       Dungeon |   1247 |   1208 |     39 |      0 |   1057 |   2 |  623.5 |
               +--------+--------+--------+--------+--------+-----+--------+

Top non-repeatable levels by time:
     D:1: 1168 daAuts
     D:2: 79 daAuts
